 Dungeon Crawl Stone Soup version 0.20.0-15-g7f486f2 (webtiles) character file.

12 greprep the Vexing (level 2, -2/11 HPs)
             Began as a Felid Enchanter on June 14, 2017.
             Slain by an adder (3 damage)
             ... on level 1 of the Dungeon.
             The game lasted 00:02:29 (1005 turns).

greprep the Vexing (Felid Enchanter)                Turns: 1005, Time: 00:02:30

Health: -2/11      AC:  1    Str:  4    XL:     2   Next: 20%
Magic:  3/6        EV: 18    Int: 16    God:
Gold:   33         SH:  0    Dex: 16    Spells: 2/5 levels left
                                        Lives:  0   Deaths: 0

rFire    . . .     SeeInvis +     - Unarmed
rCold    . . .     Gourm    .   (shield unavailable)
rNeg     . . .     Faith    .   (armour unavailable)
rPois    .         Spirit   .   (helmet unavailable)
rElec    .         Reflect  .   (cloak unavailable)
rCorr    .         Harm     .   (gloves unavailable)
MR       .....                  (boots unavailable)
Stlth    +++.......             (no amulet)
Regen    0.1/turn               (no ring)
MPRegen  0.1/turn               (no ring)

@: quick
A: no armour, no weapons or thrown items, stealth, claws 1, fangs 3, see
invisible, carnivore 3, speed 1, shaggy fur 1, slow metabolism 1, sharp paws
a: no special abilities


You were on level 1 of the Dungeon.
You were not hungry.

You visited 1 branch of the dungeon, and saw 2 of its levels.

You collected 33 gold pieces.

Inventory:

Scrolls
 d - a scroll of teleportation {unknown}
 h - a scroll of recharging {unknown}
 i - a scroll of enchant armour {unknown}
Potions
 c - a potion of heal wounds {unknown}
 e - 2 potions of curing {unknown}
 f - a potion of resistance {unknown}
 j - a potion of ambrosia {unknown}
Books
 a - a book of Maledictions

   Spells                             Type                      Level
   a - Corona                         Hexes                        1
   b - Ensorcelled Hibernation        Hexes/Ice                    2
   c - Confuse                        Hexes                        3
   d - Tukima's Dance                 Hexes                        3
   e - Dazzling Spray                 Conjuration/Hexes            3
Comestibles
 b - 2 meat rations
 g - a royal jelly


   Skills:
 * Level 0.2 Fighting
 + Level 2.8 Dodging
 + Level 4.2 Stealth
 + Level 1.1 Unarmed Combat
 + Level 2.0 Spellcasting
 + Level 4.9 Hexes


You had 2 spell levels left.
You knew the following spells:

 Your Spells              Type           Power        Failure   Level  Hunger
a - Corona                Hex            ###....      2%          1    #......
b - Ensorcelled Hibernat  Hex/Ice        #.....       11%         2    ###....


Dungeon Overview and Level Annotations

Branches:
Dungeon (2/15)

Altars:


Innate Abilities, Weirdness & Mutations

You cannot wear armour.
You are incapable of wielding weapons or throwing items.
Your paws allow you to move quietly. (Stealth)
You have sharp claws.
You have razor-sharp teeth.
You have supernaturally acute eyesight. (SInv)
You are carnivorous and can eat meat at any time.
You cover ground quickly.
You are covered in fur. (AC +1)
You have a slow metabolism.
Your sharp claws are effective at attacking unaware monsters.


Message History

A kobold comes into view.
There is a stone staircase leading up here.
The adder misses you.
The kobold throws a stone.
The stone closely misses you. The adder bites you.
* * * LOW HITPOINT WARNING * * *
You climb upwards.
Your magical contamination has completely faded away.
There is a stone staircase leading down here.
Casting: Ensorcelled Hibernation
Confirm with . or Enter, or press ? or * to list all spells.
Aiming: Ensorcelled Hibernation
Press: ? - help, Shift-Dir - straight line, f - you
Okay, then.
Casting: Ensorcelled Hibernation
Confirm with . or Enter, or press ? or * to list all spells.
Aiming: Ensorcelled Hibernation
Press: ? - help, Shift-Dir - straight line, f - you
Okay, then.
The adder bites you.
You die...

..# ##......##.######..##
..#####..(....##....>.#...#
....#.........#######.#...#
........########## #..####
..#...#..........# ##.#
......##########.# #.###
......# #.# #...# ##.#..#
###### #.# ###.## #..##.#
#....###@#### #..# ......#
#......S.(.(# ##.#
......###...........# #.#
....................# #.#
.......##...........# ###.###
....................# #.....#
.......##....##########.....#
.......##...................#
.............##########.....#


You could see an adder.

Vanquished Creatures
  2 leopard geckos (D:1)
  A giant cockroach (D:1)
  A hobgoblin (D:1)
  A frilled lizard (D:2)
  2 goblins (D:1)
  2 kobolds (D:1)
  A rat (D:1)
10 creatures vanquished.

Notes
Turn   | Place    | Note
-------+----------+-------------------------------------------
     0 | D:1      | greprep the Felid Enchanter began the quest for the Orb.
     0 | D:1      | Reached XP level 1. HP: 7/7 MP: 4/4
   532 | D:1      | Reached XP level 2. HP: 11/11 MP: 6/6
   536 | D:1      | Learned a level 2 spell: Ensorcelled Hibernation
  1005 | D:1      | Slain by an adder

Action                   || total
-------------------------++-------
Melee: Unarmed           ||    44
       Bite              ||     3
 Cast: Ensorcelled Hiber ||     5
 Stab: Sleeping          ||     6
Dodge: Dodged            ||    58
